 Dungeon Crawl Stone Soup version 0.30-a0-949-g53dc5368d7 (webtiles) character file.

Game seed: 7519360584809781848

24364 cforsyth the Warrior (level 13, -7/115 HPs)
             Began as a Formicid Fighter on Mar 28, 2023.
             Was a Believer of Ru.
             Mangled by a death yak (20 damage)
             ... on level 2 of the Lair of Beasts.
             The game lasted 00:39:28 (18588 turns).

cforsyth the Warrior (Formicid Fighter)            Turns: 18588, Time: 00:39:29

Health: -7/115     AC: 15    Str: 25    XL:     13   Next: 42%
Magic:  13/13      EV:  6    Int:  9    God:    Ru [**....]
Gold:   837        SH: 12    Dex: 19    Spells: 12/12 levels left

rFire   . . .      SeeInvis +    R - +1 great mace (holy)
rCold   . . .      Faith    .    N - +0 kite shield
rNeg    . . .      Spirit   .    P - +0 plate armour
rPois   +          Reflect  .    (helmet unavailable)
rElec   .          Rampage  .    l - scarf {repulsion}
rCorr   +                        z - +1 pair of gloves
Will    +....                    (no boots) Stlth
                                 k - amulet of regeneration
HPRegen 1.19/turn                G - +4 ring of slaying
MPRegen 0.13/turn                b - ring of Dim Light {rPois rCorr Dex+6 SInv}

@: repel missiles
A: permanent stasis, dig shafts and tunnels, antennae 3, hated by all, no poison
magic, no summoning magic, no transmutations magic, four strong arms
a: Dig, Shaft Self, Renounce Religion, Sacrifice Nimbleness, Sacrifice
Durability, Sacrifice Skill, Reject Sacrifices


You were on level 2 of the Lair of Beasts.
You worshipped Ru.
Ru was pleased with you.
You visited 3 branches of the dungeon, and saw 16 of its levels.
You also visited: Gauntlet.

You collected 837 gold pieces.

Inventory:

Hand Weapons
 a - a +0 flail
 n - a +0 great mace
 o - a +0 flail of protection
 I - a +6 dire flail
 R - a +1 great mace of holy wrath (weapon)
Armour
 c - a +0 buckler
 l - a scarf of repulsion (worn)
 z - a +1 pair of gloves (worn)
 F - a +0 cloak
 K - a +0 cloak
 N - a +0 kite shield (worn)
 P - a +0 plate armour (worn)
Jewellery
 b - the ring of Dim Light (right hand) {rPois rCorr Dex+6 SInv}
   (You found it on level 10 of the Dungeon)

   [ring of dexterity]

   Dex:       It affects your dexterity (+6).
   rPois:     It protects you from poison.
   SInv:      It lets you see invisible.
   rCorr:     It protects you from acid and corrosion.
 k - an amulet of regeneration (around neck)
 w - a +5 ring of evasion
 A - a ring of ice
 G - a +4 ring of slaying (left hand)
Wands
 d - a wand of paralysis (14)
 g - a wand of roots (6)
 s - a wand of flame (38)
 u - a wand of mindburst (12)
 C - a wand of polymorph (11)
Scrolls
 f - a scroll of identify
 h - 2 scrolls of enchant armour
 p - 2 scrolls of noise {unknown}
 y - 2 scrolls of amnesia
 B - 4 scrolls of vulnerability
 D - 2 scrolls of silence
 E - a scroll of fog
 J - a scroll of immolation {unknown}
 M - 4 scrolls of enchant weapon
Potions
 e - 2 potions of magic
 i - 2 potions of cancellation
 j - 3 potions of haste {unknown}
 m - 2 potions of ambrosia {unknown}
 q - 6 potions of flight
 r - 8 potions of curing
 t - a potion of mutation
 v - 3 potions of lignification
 x - 2 potions of brilliance
 H - 5 potions of might
 L - 2 potions of heal wounds
 O - 4 potions of resistance
 Q - 2 potions of attraction


   Skills:
 - Level 15.0 Fighting
 + Level 14.8 Maces & Flails
 + Level 7.6 Armour
 + Level 9.1 Shields


You had 12 spell levels left.
You didn't know any spells.
Your spell library contained the following spells:

 Spells                   Type           Power      Damage    Failure   Level
 Kindle Blastsparks       Fire/Tloc/Air  0%         2d10      100%        3
 Ozocubu's Armour         Ice            0%         N/A       100%        3
 Anguish                  Hex/Necr       0%         N/A       100%        4
 Freezing Cloud           Conj/Ice/Air   0%         6-21      100%        5
 Metabolic Englaciation   Hex/Ice        0%         N/A       100%        5
 Iron Shot                Conj/Erth      0%         9d1       100%        6
 Enfeeble                 Hex            0%         N/A       100%        7
 Orb of Destruction       Conj           0%         9d5       100%        7
 Beastly Appendage        Tmut           Unusable   N/A       N/A         1
 Wereblood                Tmut           Unusable   N/A       N/A         2
 Ignite Poison            Fire/Tmut/Pois Unusable   N/A       N/A         3
 Spider Form              Tmut/Pois      Unusable   N/A       N/A         3
 Summon Guardian Golem    Hex/Summ       Unusable   N/A       N/A         3
 Animate Armour           Summ/Erth      Unusable   N/A       N/A         4
 Blade Hands              Tmut           Unusable   N/A       N/A         5
 Simulacrum               Ice/Necr       Unusable   N/A       N/A         6
 Spellforged Servitor     Conj/Summ      Unusable   N/A       N/A         7

Dungeon Overview and Level Annotations

Branches:
Dungeon (12/15)            Temple (1/1) D:6            Lair (3/5) D:11
 Shoals (0/4) Lair:2        Snake (0/4) Lair:2          Orc (0/2) D:9
Gauntlet (visited)

Altars:
Ashenzari
Cheibriados
Dithmenos
Elyvilon
Gozag
Kikubaaqudgha
Makhleb
Nemelex Xobeh
Okawaru
Qazlal
Ru
Sif Muna
Trog
Uskayaw
Vehumet
Wu Jian
Xom
Zin
The Shining One

Shops:
D:8 [   D:12 ?

Annotations:
D:10 1 runed translucent door, sugarbear's ghost, journeyman DjFE
D:12 1 runed translucent door, exclusion: ice statue, Demosthentine's ghost, journeyman DsGl


Innate Abilities, Weirdness & Mutations

You cannot be hasted, slowed, berserked, paralysed or teleported.
You can dig through walls and to a lower floor.
You have a pair of large antennae on your head. (SInv)
You are hated by all.
You cannot study or cast Poison magic.
You cannot study or cast Summoning magic.
You cannot study or cast Transmutations magic.
Your four strong arms can wield two-handed weapons with a shield.


Message History

You block the death yak's attack.
You hit the death yak.
The death yak is almost dead.
The death yak gores you!
* * * LOW HITPOINT WARNING * * *
Unknown command.
You bludgeon the death yak!!
You kill the death yak!
Your Shields skill increases to level 9!
You barely miss the death yak. You block the death yak's attack.
Unknown command.
You hit the death yak.
The death yak is lightly wounded.
The death yak gores you!
* * * LOW HITPOINT WARNING * * *
Unknown command.
You sock the death yak!
The death yak is lightly wounded.
The death yak gores you.
* * * LOW HITPOINT WARNING * * *
Unknown command.
You bludgeon the death yak!!
The death yak is heavily wounded.
The death yak barely misses you.
You thump the death yak!
The death yak is severely wounded.
You block the death yak's attack.
You sock the death yak!
The death yak is severely wounded.
The death yak gores you!
* * * LOW HITPOINT WARNING * * *
Unknown command.
You hit the death yak.
The death yak is severely wounded.
The death yak gores you but does no damage.
Unknown command.
You hit the death yak but do no damage.
The death yak is severely wounded.
The death yak gores you!!
You die...

..........................##
..........................##
....P####.#................#
....#######...###+#.P###..##
....##...#..(..##.....##..P#
....##....#...##..#.###...##
....##...# ##....# ..#
....##...# ##Y...# .#
....##...# #@####.#
......<..+ ### ## [....#####
....P.#####.^.
..............
#..##..P###### ######..#
####


You could see a death yak.

Vanquished Creatures
  A minotaur (Gauntlet)
  2 two-headed ogres
  A boulder beetle (D:12)
  5 death yaks
  The ghost of GloriousHammer the Fighter, a novice OgCA of Ignis (D:7)
  A sixfirhy (Gauntlet)
  Pikel (D:3)
  An oklob plant (Lair:1)
  A cyclops (D:11)
  Maurice (D:8)
  A moth of wrath (Gauntlet)
  An eye of devastation (Gauntlet)
  An unseen horror (D:11)
  A black mamba (Lair:2)
  2 rime drakes
  5 komodo dragons
  A kobold demonologist (D:11)
  5 trolls
  2 polar bears (D:12)
  A hornet (Lair:2)
  5 blink frogs (Lair:1)
  2 centaur simulacra (Gauntlet)
  Sigmund (D:4)
  2 shadows
  3 wyverns
  A golden eye (Gauntlet)
  14 yaks
  Menkaure (D:7)
  2 acid dragons
  4 water moccasins
  2 black bears
  8 orc warriors
  4 ice beasts
  6 ogres
  7 wolves
  6 centaurs
  A phantom (D:6)
  4 lemures (D:4)
  10 bullfrogs
  7 kobold brigands
  Blork the orc (D:5)
  3 gnoll sergeants (D:9)
  3 scorpions
  3 wights (D:7)
  9 killer bees
  4 electric eels
  4 howler monkeys
  A wyvern simulacrum (Gauntlet)
  A jelly (D:6)
  6 hounds
  2 orc priests
  A gnoll bouda (D:6)
  2 sleepcaps
  11 orc wizards
  Ijyb (D:3)
  4 iguanas
  17 gnolls
  6 adders
  2 shadow imps
  2 white imps (D:7)
  5 ufetubi
  A dart slug (D:1)
  30 orcs
  8 endoplasms
  6 giant cockroaches
  14 goblins
  6 hobgoblins
  6 jackals
  24 kobolds
  4 quokkas
  9 ball pythons
  13 bats
  4 frilled lizards
  4 rats
342 creatures vanquished.

Vanquished Creatures (others)
  A cane toad (Lair:1)
  16 fungi
  15 plants
32 creatures vanquished.

Grand Total: 374 creatures vanquished

Notes
Turn   | Place    | Note
-------+----------+-------------------------------------------
     0 | D:1      | cforsyth the Formicid Fighter began the quest for the Orb.
     0 | D:1      | Reached XP level 1. HP: 18/18 MP: 1/1
    68 | D:1      | Found a faded altar of an unknown god.
   163 | D:1      | Reached XP level 2. HP: 24/24 MP: 2/2
   349 | D:1      | Reached XP level 3. HP: 28/30 MP: 3/3
   529 | D:1      | Reached skill level 4 in Fighting
  1021 | D:1      | Reached XP level 4. HP: 25/38 MP: 4/4
  1404 | D:2      | Found a stormy altar of Qazlal.
  1456 | D:2      | Reached XP level 5. HP: 41/43 MP: 5/5
  2172 | D:3      | Reached skill level 5 in Fighting
  2546 | D:3      | Noticed Ijyb
  2599 | D:3      | Killed Ijyb
  3180 | D:4      | Reached XP level 6. HP: 28/51 MP: 6/6
  3234 | D:4      | Noticed Sigmund
  3247 | D:4      | Killed Sigmund
  3248 | D:4      | Reached skill level 6 in Fighting
  3250 | D:4      | Reached skill level 5 in Maces & Flails
  3353 | D:4      | Reached XP level 7. HP: 58/58 MP: 7/7
  3361 | D:4      | Noticed Pikel
  3980 | D:3      | Killed Pikel
  3981 | D:3      | Reached skill level 7 in Fighting
  3981 | D:3      | Reached XP level 8. HP: 16/68 MP: 8/8
  4304 | D:4      | Found an ornate altar of the Wu Jian Council.
  5001 | D:5      | Entered Level 5 of the Dungeon
  5108 | D:4      | Reached skill level 8 in Fighting
  5761 | D:5      | Noticed Blork the orc
  5772 | D:5      | Killed Blork the orc
  6039 | D:5      | Reached XP level 9. HP: 59/75 MP: 9/9
  6104 | D:6      | Reached skill level 9 in Fighting
  6347 | D:6      | Found a stormy altar of Qazlal.
  6426 | D:6      | Found a staircase to the Ecumenical Temple.
  6445 | Temple   | Entered the Ecumenical Temple
  6770 | D:7      | Noticed Menkaure
  6779 | D:7      | Killed Menkaure
  7529 | D:7      | Found a sparkling altar of Nemelex Xobeh.
  7632 | D:7      | Reached skill level 10 in Fighting
  7742 | D:7      | Identified the +1 plate armour of the Morning Star {Contam
                  | rC- rCorr SInv}
  7996 | D:7      | Reached XP level 10. HP: 86/86 MP: 10/10
  8138 | D:7      | Found a runed translucent door.
  8139 | D:7      | Noticed GloriousHammer's ghost (novice OgCA)
  8725 | D:8      | Identified the +6 war axe "Esue" {venom, Fragile rElec
                  | Str+3 SInv}
  8774 | D:8      | Reached skill level 11 in Fighting
  8837 | D:8      | Noticed Maurice
  8863 | D:8      | Killed Maurice
  8864 | D:8      | Reached skill level 10 in Maces & Flails
  8926 | D:8      | Found Niroracw's Armour Boutique.
  9818 | D:9      | Found a transporter.
  9931 | D:9      | Reached skill level 12 in Fighting
  9931 | D:9      | HP: 2/89 [yak (12)]
 10141 | D:9      | Found a staircase to the Orcish Mines.
 10359 | D:9      | Found a transporter.
 10835 | D:9      | Found a glowing silver altar of Zin.
 10930 | D:9      | Reached XP level 11. HP: 69/96 MP: 11/11
 11408 | D:9      | Reached skill level 13 in Fighting
 11775 | D:10     | Entered Level 10 of the Dungeon
 11781 | D:10     | Found a burning altar of Makhleb.
 11899 | D:10     | Found a sacrificial altar of Ru.
 11899 | D:10     | Found a broken altar of Ashenzari.
 11905 | D:10     | Became a worshipper of Ru the Awakened
 12022 | D:10     | Identified the ring of Dim Light {rPois rCorr Dex+6 SInv}
 12049 | D:10     | Found an iron altar of Okawaru.
 12049 | D:10     | Found a shadowy altar of Dithmenos.
 12399 | D:10     | Noticed sugarbear's ghost (journeyman DjFE)
 12402 | D:10     | Found a runed translucent door.
 12448 | D:10     | Found an ancient bone altar of Kikubaaqudgha.
 12452 | D:10     | Found a blossoming altar of Fedhas.
 13292 | D:11     | Gained mutation: You cannot study or cast Poison magic. [Ru
                  | sacrifice]
 13292 | D:11     | Gained mutation: You cannot study or cast Transmutations
                  | magic. [Ru sacrifice]
 13292 | D:11     | Gained mutation: You cannot study or cast Summoning magic.
                  | [Ru sacrifice]
 13292 | D:11     | Reached * piety under Ru
 13323 | D:11     | Noticed a cyclops
 13330 | D:11     | Killed a cyclops
 13331 | D:11     | Reached skill level 14 in Fighting
 13431 | D:11     | Noticed a two-headed ogre
 13440 | D:11     | Killed a two-headed ogre
 13441 | D:11     | Reached XP level 12. HP: 95/107 MP: 12/12
 13643 | D:11     | Found a staircase to the Lair.
 13904 | D:12     | Noticed a two-headed ogre
 13910 | D:12     | Killed a two-headed ogre
 14019 | D:12     | Noticed a boulder beetle
 14071 | D:12     | Killed a boulder beetle
 14113 | D:12     | Found a runed translucent door.
 14114 | D:12     | Found a shimmering altar of Xom.
 14114 | D:12     | Noticed Demosthentine's ghost (journeyman DsGl)
 14114 | D:12     | Noticed a +0 scimitar of chaos
 14135 | D:12     | Found Luffoss's Magic Scroll Shoppe.
 14223 | D:12     | Noticed a skeletal warrior
 14385 | D:7      | Killed GloriousHammer's ghost
 14386 | D:7      | Reached skill level 15 in Fighting
 14721 | Lair:1   | Entered Level 1 of the Lair of Beasts
 14824 | Lair:1   | Identified the +9 rapier of Duty {holy, Int+5}
 15007 | Lair:1   | Reached skill level 5 in Shields
 15292 | Lair:1   | Identified the +0 scale mail of the Pit {rF+++ Str+4}
 15514 | Lair:1   | Found a blossoming altar of Fedhas.
 15873 | Lair:2   | Reached skill level 5 in Armour
 15922 | Lair:2   | Gained mutation: You are hated by all. [Ru sacrifice]
 15922 | Lair:2   | Reached ** piety under Ru
 15984 | Lair:2   | Found a staircase to the Shoals.
 16021 | Lair:2   | Found a staircase to the Snake Pit.
 16086 | Lair:2   | Noticed a death yak
 16086 | Lair:2   | Noticed a death yak
 16086 | Lair:2   | Noticed a death yak
 16086 | Lair:2   | Noticed a death yak
 16086 | Lair:2   | Noticed a death yak
 16086 | Lair:2   | Noticed a death yak
 16095 | Lair:2   | You fall into a shaft and drop 1 floor!
 16123 | Lair:3   | Found a gate leading to a gauntlet.
 16228 | Gauntlet | Entered a Gauntlet
 16228 | Gauntlet | Found a transporter.
 16228 | Gauntlet | Found a transporter.
 16229 | Gauntlet | Found a transporter.
 16229 | Gauntlet | Noticed a reaper
 16233 | Gauntlet | Found a transporter.
 16234 | Gauntlet | Found a transporter.
 16234 | Gauntlet | Noticed a death yak
 16234 | Gauntlet | Noticed a death yak
 16235 | Gauntlet | Noticed a death yak
 16242 | Gauntlet | Found a transporter.
 16242 | Gauntlet | Noticed a sixfirhy
 16247 | Gauntlet | Found a transporter.
 16257 | Gauntlet | Found a transporter.
 16263 | Gauntlet | Found a transporter.
 16281 | Gauntlet | Found a transporter.
 16289 | Gauntlet | Found a transporter.
 16309 | Gauntlet | Found a transporter.
 16696 | Gauntlet | Reached XP level 13. HP: 61/115 MP: 13/13
 17311 | Gauntlet | Noticed a minotaur
 17328 | Gauntlet | Killed a minotaur
 18414 | Lair:2   | Found a burning altar of Makhleb.
 18588 | Lair:2   | Mangled by a death yak

Illustrated notes

Levels and vault maps discovered:
D:1:      dpeg_arrival_prison, layout_loops_corners,
          ebering_ecumenical_altar_rust
D:2:      layout_loops_ring, basic_altar, minmay_cut_off
D:3:      kennysheep_the_goblin_king, layout_basic, minmay_ruptured
D:4:      layout_layer_cave, nicolae_wu_jian_immortal_techniques,
          dreamdust_gnoll_farm, uniq_pikel, uniq_sigmund
D:5:      layout_basic, uniq_blork_the_orc
D:6:      layout_basic, general_overflow_altar, minmay_temple_entry_fiery
D:7:      layout_basic, nemelex_diamond_rough_becter,
          ebering_ghost_reflecting_pool, minmay_fractal_squares_5, uniq_menkaure
D:8:      layout_loops_ring, nicolae_wooded_promenade, uniq_maurice
D:9:      gammafunk_steamed_eel, layout_stronghold, mainiacjoe_overflow_paths,
          kennysheep_orc_monster_closet_entryway
D:10:     layout_loops_corners, grunt_temple_overflow_growth_and_decay,
          jmf_multi_god_temple, gammafunk_temple_overflow_forgotten,
          hellmonk_ghost_big_iron
D:11:     layout_basic, lair_entry_dummy, minmay_misc_feat_plants
D:12:     layout_irregular_city, serial_shops, shop, ebering_ghost_xom,
          ice2_lemuel, uniq_erolcha
Temple:   jpeg_temple_clearing
Lair:1:   layout_roguey, chequers_serial_rivers_micro_c, tgw_fedhas
Lair:2:   layout_regular_city, elwin_shoals_entry_rocks, dummy_snake_entry,
          basic_altar
Lair:3:   layout_regular_city, gauntlet_entry_generic, grunt_megastairs_4

Skill      XL: |  1  2  3  4  5  6  7  8  9 10 11 12 13 |
---------------+----------------------------------------+-----
Fighting       | 4 5 6 7 8 10 12 14 15 | 15.0
Maces & Flails | 3 4 5 6 7 9 11 12 14 | 14.8
Armour         | 5 7 |  7.6
Shields        | 6 9 |  9.1

Action                     |  1- 3 |  4- 6 |  7- 9 | 10-12 | 13-15 || total
---------------------------+-------+-------+-------+-------+-------++-------
  Melee: Flail             |    87 |   180 |   411 |    12 |       ||   690
         Dire flail        |       |       |       |   424 |       ||   424
         War axe           |       |       |       |   110 |    46 ||   156
         Great mace        |       |       |       |       |    53 ||    53
 Invoke: Sacrifice Arcana  |       |       |       |     1 |       ||     1
         Sacrifice Love    |       |       |       |     1 |       ||     1
Ability: Shaft Self        |       |       |       |     1 |       ||     1
    Use: Potion            |       |     2 |       |     1 |     1 ||     4
         Scroll            |       |       |       |    21 |     1 ||    22
   Stab: Invisible         |       |       |       |       |     6 ||     6
 Armour: Scale mail        |    54 |    70 |    18 |       |       ||   142
         Chain mail        |       |       |   217 |    69 |       ||   286
         Plate armour      |       |       |       |   146 |    40 ||   186
  Dodge: Dodged            |    44 |    93 |   159 |   143 |    31 ||   470
  Block: Buckler           |    24 |    48 |   113 |    93 |     3 ||   281
         Kite shield       |       |       |       |       |    39 ||    39

Table legend: (Time is in decaauts)
 A = Elapsed time spent in this place.
 B = Non-inter-level travel time spent in this place.
 C = Inter-level travel time spent in this place.
 D = Time resting spent in this place.
 E = Time spent auto-exploring this place.
 F = Levels seen in this place.
 G = Mean time per level.
                   A        B        C        D        E       F      G
               +--------+--------+--------+--------+--------+-----+--------+
         Total |  18627 |  17494 |   1133 |   2882 |  10392 |  17 | 1095.7 |
       Dungeon |  14596 |  13611 |    985 |   2280 |   8296 |  12 | 1216.3 |
        Temple |    142 |    123 |     19 |      0 |    110 |   1 |  142.0 |
          Lair |   2702 |   2573 |    129 |    189 |   1792 |   3 |  900.7 |
      Gauntlet |   1185 |   1185 |      0 |    413 |    194 |   1 | 1185.0 |
               +--------+--------+--------+--------+--------+-----+--------+

Top non-repeatable levels by time:
     D:4: 1780 daAuts
     D:9: 1670 daAuts
     D:7: 1538 daAuts
     D:8: 1387 daAuts
     D:1: 1310 daAuts
     D:6: 1309 daAuts
     D:3: 1256 daAuts
    D:11: 1193 daAuts
Gauntlet: 1185 daAuts
  Lair:1: 1158 daAuts
    D:10: 1021 daAuts
     D:5: 919 daAuts
     D:2: 857 daAuts
  Lair:3: 833 daAuts
  Lair:2: 710 daAuts
